 Dungeon Crawl Stone Soup version 0.22-b1-21-g5cfc168 (webtiles) character file.

99 Gorglomux the Skirmisher (level 4, -4/29 HPs)
             Began as a Gargoyle Skald on Aug 5, 2018.
             Slain by a gnoll
             ... wielding a +0 spear
              (5 damage)
             ... on level 3 of the Dungeon.
             The game lasted 00:00:51 (1378 turns).

Gorglomux the Skirmisher (Gargoyle Skald)           Turns: 1378, Time: 00:00:52

Health: -4/29      AC:  6    Str: 16    XL:     4   Next: 72%
Magic:  7/7        EV: 11    Int: 13    God:
Gold:   154        SH:  0    Dex:  9    Spells: 6/7 levels left

rFire    . . .     SeeInvis .   X - +0 war axe
rCold    . . .     Gourm    .   (no shield)
rNeg     + . .     Faith    .   b - +0 leather armour
rPois    ∞         Spirit   .   (no helmet)
rElec    +         Reflect  .   (no cloak)
rCorr    .         Harm     .   (no gloves)
MR       .....                  (no boots)
Stlth    +.........             (no amulet)
HPRegen  0.09/turn              (no ring)
MPRegen  0.10/turn              (no ring)

@: no status effects
A: negative energy resistance 1, electricity resistance, unbreathing,
petrification resistance, rot immunity, AC +3
a: no special abilities


You were on level 3 of the Dungeon.
You were not hungry.

You visited 1 branch of the dungeon, and saw 3 of its levels.

You collected 154 gold pieces.

Inventory:

Hand Weapons
 X - a +0 war axe (weapon)
Armour
 b - a +0 leather armour (worn)
Wands
 P - a wand of paralysis (12)
 S - a wand of scattershot (7)
Scrolls
 e - a scroll of enchant armour {unknown}
 h - 4 scrolls of remove curse {unknown}
 k - 5 scrolls of identify {unknown}
 T - a scroll of immolation {unknown}
 V - a scroll of random uselessness {unknown}
 W - a scroll of fear {unknown}
Potions
 f - a potion of heal wounds {unknown}
 g - 3 potions of curing {unknown}
 i - a potion of cancellation {unknown}
 j - a potion of magic {unknown}
 l - 2 potions of agility {unknown}
 Y - a potion of lignification {unknown}
 Z - a potion of haste {unknown}
Comestibles
 d - 2 rations
 U - 12 chunks of flesh


   Skills:
 + Level 4.0 Fighting
 + Level 3.2 Axes
 - Level 1.1 Armour
 - Level 1.5 Dodging
 - Level 2.0 Spellcasting
 - Level 2.6 Charms


You had 6 spell levels left.
You knew the following spells:

 Your Spells              Type           Power        Failure   Level  Hunger
a - Infusion              Chrm           #...         11%         1    ##.....

Your spell library contained the following spells:

 Spells                   Type           Power        Failure   Level  Hunger
 Regeneration             Chrm/Necr      #.........   47%         3    ####...
 Shroud of Golubria       Chrm/Tloc      #.........   26%         2    ###....
 Song of Slaying          Chrm           #.......     16%         2    ###....
 Spectral Weapon          Hex/Chrm       #.......     47%         3    ####...


Dungeon Overview and Level Annotations

Branches:
Dungeon (3/15)

Altars:


Innate Abilities, Weirdness & Mutations

You are resistant to torment.
Your stone body is resilient. (AC +3)
You are immune to poison.
You resist negative energy. (rN+)
You are resistant to electric shocks. (rElec)
You can survive without breathing.
You are immune to petrification.
You are immune to rotting.


Message History

The quokka bites you but does no damage!
The butt hits you with a halberd!
Found a mace!
Unknown command!
You completely miss the gnoll! You closely miss the gnoll!
You completely miss the quokka! You barely miss the gnoll!
The quokka closely misses you! The gnoll barely misses you!
The gnoll hits you with a whip!!! * * * don't die
* * * The quokka bites you but does no damage!
The gnoll hits you with a halberd! * * * don't die
* * * The gnoll hits you with a spear! * * * don't die
* * * The butt barely misses you!
You are too injured to fight recklessly!!!
Unknown command!
The quokka closely misses you!
The gnoll hits you from afar with a spear! rip

.......).#.... ##..#
.........+..>. #...#
.....[...# ##.##.
.........# #..#.#
.........# ###.##
.........#### #.##
.....Kgg.##(#############
#.g.r................
##..@.......###......
#.#....##### ##...#.
#.#......# #.<...
#.#.##.### #...#.
###.##.# #..... #.####
#..### ### ##.# # ###


You could see 3 gnolls, a quokka and a kobold.

Vanquished Creatures
  A crimson imp (D:2)
  4 adders (D:2)
  A dart slug (D:3)
  3 ball pythons
  2 bats
  A hobgoblin (D:2)
  3 jackals (D:3)
  A quokka (D:3)
  2 frilled lizards (D:1)
  8 goblins
  2 kobolds
28 creatures vanquished.

Notes
Turn   | Place    | Note
-------+----------+-------------------------------------------
     0 | D:1      | Gorglomux the Gargoyle Skald began the quest for the Orb.
     0 | D:1      | Reached XP level 1. HP: 12/12 MP: 3/3
   357 | D:2      | Reached XP level 2. HP: 17/18 MP: 5/5
   579 | D:2      | Reached skill level 3 in Fighting
   746 | D:2      | Reached XP level 3. HP: 23/23 MP: 6/6
   849 | D:2      | Reached skill level 3 in Axes
   849 | D:2      | Reached XP level 4. HP: 11/29 MP: 7/7
  1289 | D:3      | Reached skill level 4 in Fighting
  1377 | D:3      | HP: 1/29 [gnoll/spear (3)]
  1378 | D:3      | Slain by a gnoll

Skill      XL: |  1  2  3  4 |
---------------+-------------+-----
Axes           | 2 3 |  3.2
Fighting       | 3 4 |  4.0
Armour         | |  1.1
Dodging        | |  1.5
Spellcasting   | |  2.0
Charms         | |  2.6

Action                   |  1- 3 |  4- 6 || total
-------------------------+-------+-------++-------
Melee: Hand axe          |    67 |     9 ||    76
       War axe           |       |    23 ||    23
  Eat: Chunk             |       |     2 ||     2
Armor: Leather armour    |    22 |    10 ||    32
Dodge: Dodged            |    37 |    31 ||    68
